 Dungeon Crawl Stone Soup version 0.28.0-43-g3370ac3207 (webtiles) character file.

Game seed: 552846325776478339

39 cbfl8 the Sneak (level 3, 0/33 HPs)
             Began as a Minotaur Delver on Feb 28, 2022.
             Shot with an arrow by a centaur (12 damage)
             ... on level 4 of the Dungeon.
             The game lasted 00:01:08 (748 turns).

cbfl8 the Sneak (Minotaur Delver)                    Turns: 748, Time: 00:01:08

Health: 0/33       AC:  3    Str: 24    XL:     3   Next: 26%
Magic:  2/2        EV: 12    Int: 11    God:
Gold:   50         SH:  0    Dex: 11    Spells: 2/2 levels left

rFire   . . .      SeeInvis .   a - +0 hand axe
rCold   . . .      Faith    .   (no shield)
rNeg    . . .      Spirit   .   b - +0 leather armour
rPois   .          Reflect  .   (helmet restricted)
rElec   .          Harm     .   (no cloak)
rCorr   .          Rampage  .   (no gloves)
Will    .....                   (no boots)
Stlth   ++........              (no amulet)
HPRegen 0.11/turn               h - ring of Tiuzigh {Str+6 Int+4}
MPRegen 0.08/turn               (no ring)

@: no status effects
A: horns 2, retaliatory headbutt
a: no special abilities


You were on level 4 of the Dungeon.
You visited 1 branch of the dungeon, and saw 2 of its levels.

You collected 50 gold pieces.

Inventory:

Hand Weapons
 a - a +0 hand axe (weapon)
Armour
 b - a +0 leather armour (worn)
Jewellery
 h - the ring of Tiuzigh (left hand) {Str+6 Int+4}
   (You found it on level 4 of the Dungeon)

   [ring of strength]

   Str:       It affects your strength (+6).
   Int:       It affects your intelligence (+4).
Wands
 g - a wand of digging (3)
Scrolls
 c - a scroll of fog
 d - a scroll of magic mapping
 e - a scroll of fear
 i - a scroll of identify {unknown}
Potions
 f - a potion of haste


   Skills:
 + Level 3.9 Fighting
 + Level 2.7 Axes
 + Level 0.6 Armour
 + Level 2.3 Dodging
 + Level 4.7 Stealth


You had 2 spell levels left.
You didn't know any spells.
Your spell library was empty.

Dungeon Overview and Level Annotations

Branches:
Dungeon (5/15)
 Temple: D:4-7

Altars:


Innate Abilities, Weirdness & Mutations

You have a pair of horns on your head.
You reflexively headbutt those who attack you in melee.


Message History

You start resting.
HP restored.
You start waiting.
Done waiting.
Found 23 stones.
An adder skeleton comes into view.
Found 8 stones.
Found 21 gold pieces.
You see here 8 stones.
Found 12 gold pieces.
A dart slug comes into view.
You see here 21 gold pieces.
You now have 38 gold pieces (gained 21).
The dart slug launches a dart at you. The slug dart misses you.
The dart slug completely misses you.
You hit the dart slug.
The dart slug is moderately wounded.
You hit the dart slug but do no damage. You headbutt the dart slug.
The dart slug is heavily wounded.
The dart slug barely misses you.
You hit the dart slug. Your headbutt misses the dart slug.
The dart slug is almost dead.
The dart slug launches a dart at you. The slug dart hits you.
You hit the dart slug.
You kill the dart slug!
You now have 50 gold pieces (gained 12).
A centaur comes into view.
Found 21 stones.
The centaur shouts!
You hear an angry hiss.
You hear a shout!
The centaur wields a +0 shortbow.
The centaur shoots an arrow.
The arrow hits you.
The centaur shoots an arrow.
The arrow hits you!
An adder comes into view.
The centaur shoots an arrow.
The arrow barely misses you.
The centaur shoots an arrow.
The arrow hits you.
The centaur shoots an arrow.
The arrow hits you.
The centaur shoots an arrow.
The arrow hits you!
You die...

#.....####........
.....#.........###############
######.......................#
##........#############.#
########## #.# #.# #.#
#################### #.#
#...........@......# #.#
.......c############.# # #.#
.....c..# #.#.# #.# ........#
########.#.# #.# ....c..(#
#..........# #.# .........
#..........# #.# ...S.....
#..........# #.# .........
#..........# #.# #..........#
#.#


You could see a centaur.

Vanquished Creatures
  A bullfrog skeleton (D:4)
  An adder skeleton (D:4)
  A dart slug (D:4)
  2 goblins
  A hobgoblin (D:4)
  A quokka (D:4)
7 creatures vanquished.

Notes
Turn   | Place    | Note
-------+----------+-------------------------------------------
     0 | D:5      | cbfl8 the Minotaur Delver began the quest for the Orb.
     0 | D:5      | Reached XP level 1. HP: 19/19 MP: 0/0
    41 | D:4      | Noticed a black bear
    46 | D:4      | Noticed an iguana
   406 | D:4      | Identified the ring of Tiuzigh {Str+6 Int+4}
   429 | D:4      | Reached XP level 2. HP: 19/27 MP: 1/1
   429 | D:4      | Reached XP level 3. HP: 24/33 MP: 2/2
   740 | D:4      | Noticed a centaur
   748 | D:4      | Shot with an arrow by a centaur

Illustrated notes

Levels and vault maps discovered:
D:4:      layout_basic, st_stairs_7
D:5:      layout_basic, nicolae_yredelemnul_corpse_copse

Action                   || total
-------------------------++-------
Melee: Hand axe          ||    22
       Headbutt          ||     3
       Punch             ||     1
Armor: Leather armour    ||     5
Dodge: Dodged            ||    21
